 Dungeon Crawl Stone Soup version bcrawl-1.18.1 (webtiles) character file.

Game seed: 16061919968505322859

13778 Banto the Nimble (level 12, -16/87 HPs)
             Began as an Octopode Transmuter on Nov 2, 2019.
             Demolished by a jumping spider (18 damage)
             ... on level 2 of the Lair of Beasts on Nov 5, 2019.
             The game lasted 00:20:39 (12916 turns).

Banto the Nimble (Octopode Transmuter)             Turns: 12916, Time: 00:20:39

Health: -16/87     AC:  1    Str: 12    XL:     12   Next: 9%
Magic:  10/16      EV: 10    Int: 23    God:
Gold:   569        SH:  0    Dex: 14    Spells: 3/17 levels left

rFire    x . .     SeeInvis .     - Unarmed
rCold    + . .     Gourm    .   (shield currently unavailable)
rNeg     . . .     Faith    .   r - +0 hat of Reason {rElec rPois rF- Regen+}
rPois    +         Spirit   .   (cloak restricted)
rElec    +         Reflect  .   (no amulet)
rCorr    .         Harm     .   f - ring of poison resistance
MR       .....                  k - +5 ring of intelligence
Stlth    ++........             m - ring of protection from cold
HPRegen  0.64/turn              n - ring of wizardry
MPRegen  0.15/turn              l - +2 ring of intelligence
                                g - ring of wizardry
                                (no ring)
                                (no ring)

@: blade tentacles, held
A: almost no armour, stealthy swim, amphibious, 8 rings, constrict 8, camouflage
1, gelatinous body 1
a: End Transformation


You were on level 2 of the Lair of Beasts.
You were hungry.
You had blades for tentacles.
You visited 3 branches of the dungeon, and saw 11 of its levels.

You collected 703 gold pieces.
You spent 134 gold pieces at shops.

Inventory:

Missiles
 a - 567 arrows
 e - 3 throwing nets (quivered) {!f}
Armour
 r - the +0 hat of Reason (worn) {rElec rPois rF- Regen+}
   (You acquired it on level 7 of the Dungeon)

   It makes you vulnerable to fire.
   It insulates you from electricity.
   It protects you from poison.
   It increases your rate of regeneration.
Jewellery
 f - a ring of poison resistance (left scythe-like blade)
 g - a ring of wizardry (on tentacle)
 k - a +5 ring of intelligence (right scythe-like blade)
 l - a +2 ring of intelligence (on tentacle)
 m - a ring of protection from cold (on tentacle)
 n - a ring of wizardry (on tentacle)
 y - an uncursed ring of ice
Wands
 s - a wand of flame (21)
Scrolls
 j - 8 scrolls of teleportation
 p - 2 scrolls of remove curse
 v - 3 scrolls of identify
 w - 3 scrolls of blinking
Potions
 b - a potion of haste
 c - 3 potions of lignification
 h - a potion of might
 i - 2 potions of flight
 o - 5 potions of curing
 q - a potion of brilliance
 t - a potion of heal wounds
 u - a potion of resistance
Comestibles
 d - 19 rations {!d}


   Skills:
 + Level 10.1 Fighting
 + Level 10.3 Dodging
 - Level 9.1 Unarmed Combat
 - Level 3.0 Spellcasting
 - Level 9.1 Transmutations
 - Level 3.3 Ice Magic


You had 3 spell levels left.
You knew the following spells:

 Your Spells              Type           Power        Failure   Level  Hunger
a - Blade Hands           Tmut           #####.....   12%         5    ######.
b - Sticks to Snakes      Tmut           #####...     3%          2    ##.....
c - Spider Form           Tmut/Pois      ###          10%         3    ###....
d - Ice Form              Ice/Tmut       ####....     13%         4    ####...

Your spell library contained the following spells:

 Spells                   Type           Power        Failure   Level  Hunger
 Beastly Appendage        Tmut           #####.       2%          1    None


Dungeon Overview and Level Annotations

Branches:
Dungeon (8/12)             Temple (1/1) D:6            Lair (2/6) D:8
 Spider (0/3) Lair:2
  Swamp: Lair:2-4    Shoals: Lair:2-4       Orc: D:8-11

Altars:
Ashenzari
Dithmenos
Elyvilon
Fedhas
Gozag
Hepliaklqana
Kikubaaqudgha
Lugonu
Makhleb
Nemelex Xobeh
Okawaru
Qazlal
Ru
Trog
Uskayaw
Vehumet
Wu Jian
Xom
Yredelemnul
Zin
The Shining One

Shops:
D:5 =

Annotations:
D:3 3 runed translucent doors, Morbidden's ghost, amateur AvNe
D:8 Erica; Harold
Lair:1 exclusion: oklob plant
Lair:2 exclusion: lava snake


Innate Abilities, Weirdness & Mutations

You cannot wear most types of armour.
You are very stealthy in the water. (Stealth+)
You are amphibious.
You can wear up to eight rings at the same time.
You can use your tentacles to constrict eight enemies at once.
Your skin changes colour to match your surroundings (Stealth+).
Your rubbery body absorbs attacks. (AC +1, EV +1)


Message History

The jumping spider closely misses you. x2
You hit the jumping spider but do no damage.
Your grab misses the jumping spider.
You squeeze the jumping spider, but do no damage.
The jumping spider is heavily wounded.
The jumping spider pounces on you.
You are caught in a web!
The jumping spider bites you. The jumping spider pounces on you!
The jumping spider bites you!
* * * LOW HITPOINT WARNING * * *
You struggle to detach yourself from the web.
The jumping spider pounces on you!
* * * LOW HITPOINT WARNING * * *
You are even more entangled.
The jumping spider bites you.
* * * LOW HITPOINT WARNING * * *
The jumping spider pounces on you.
* * * LOW HITPOINT WARNING * * *
You are even more entangled.
The jumping spider bites you.
* * * LOW HITPOINT WARNING * * *
The jumping spider pounces on you!!
You die...

.. P. #. . #. ....... #.##..
.......... ...≈.. ##..........
.>.≈..# #####.....##....
...≈..P##..##.....###...
#..†......#.....##...
##..†@s....#....##P... .
#....s.....P....#..... .#
##..........P..........
#.#########...........[..P.......
..........................>......
...#.P#.#..#.....................
..#................(...........÷.
...................>..#.#.##.....
.........)...##†....#######......


You could see 2 jumping spiders.

Vanquished Creatures
  Fannar (Lair:2)
  5 death yaks (Lair:2)
  Joseph (D:7)
  A black mamba (Lair:1)
  A gargoyle (D:7)
  2 cane toads (Lair:2)
  A komodo dragon (Lair:1)
  2 trolls
  Grinder (D:4)
  Prince Ribbit (D:5)
  4 blink frogs (Lair:1)
  2 hippogriffs (D:8)
  2 redbacks (Lair:2)
  A wyvern (Lair:2)
  6 yaks (D:6)
  2 wargs (D:8)
  Edmund (D:4)
  4 porcupines
  2 orc warriors
  2 sky beasts (D:6)
  Duvessa (D:4)
  An ice beast (D:8)
  A black bear (D:8)
  2 eyes of draining
  2 centaurs
  5 ogres
  2 crocodiles (Lair:2)
  6 bullfrogs
  A big kobold (D:8)
  Dowan (D:4)
  A wyvern skeleton (D:6)
  3 scorpions
  3 killer bees
  5 howler monkeys
  2 bullfrog zombies
  A crimson imp (D:7)
  2 orc priests
  2 hounds
  A jelly (D:6)
  10 orc wizards
  4 iguanas
  4 worker ants
  2 hound zombies
  A worker ant zombie (D:6)
  8 adders
  8 gnolls
  A howler monkey skeleton (D:7)
  A shadow imp (D:5)
  2 oozes
  An adder skeleton (D:7)
  4 leopard geckos
  14 orcs
  2 bats
  9 giant cockroaches
  2 goblins
  6 hobgoblins
  5 jackals
  5 kobolds
  3 quokkas
  A frilled lizard (D:1)
  A quokka skeleton (D:5)
  2 rats (D:1)
  A plant (Lair:1)
181 creatures vanquished.

Vanquished Creatures (collateral kills)
  A hydra (Lair:2)
  A komodo dragon (Lair:1)
2 creatures vanquished.

Grand Total: 183 creatures vanquished

Notes
Turn   | Place    | Note
-------+----------+-------------------------------------------
     0 | D:1      | Banto the Octopode Transmuter began the quest for the Orb.
     0 | D:1      | Reached XP level 1. HP: 13/13 MP: 3/3
   624 | D:1      | Reached XP level 2. HP: 18/18 MP: 5/5
   628 | D:1      | Learned a level 2 spell: Sticks to Snakes
  1030 | D:2      | Noticed an ogre
  1351 | D:2      | Reached XP level 3. HP: 23/23 MP: 2/6
  1451 | D:2      | Reached XP level 4. HP: 10/28 MP: 5/8
  1645 | D:1      | Learned a level 3 spell: Spider Form
  1690 | D:2      | Found an iron altar of Okawaru.
  2202 | D:3      | Found a runed translucent gate.
  2202 | D:3      | Found a runed translucent gate.
  2202 | D:3      | Found a runed translucent gate.
  2204 | D:3      | Noticed Morbidden's ghost (amateur AvNe)
  2964 | D:3      | Learned a level 4 spell: Ice Form
  3049 | D:4      | Reached XP level 5. HP: 31/33 MP: 9/9
  3168 | D:4      | Noticed Dowan
  3293 | D:4      | Reached skill level 1 in Ice Magic
  3446 | D:4      | Noticed Edmund
  3479 | D:4      | Killed Edmund
  3479 | D:4      | Reached XP level 6. HP: 11/38 MP: 5/10
  4101 | D:4      | Noticed Grinder
  4131 | D:4      | Reached skill level 5 in Unarmed Combat
  4664 | D:4      | Killed Grinder
  4664 | D:4      | Reached XP level 7. HP: 16/43 MP: 7/11
  4924 | D:5      | Entered Level 5 of the Dungeon
  4925 | D:5      | Noticed Prince Ribbit
  4941 | D:5      | Killed Prince Ribbit
  4941 | D:5      | Reached skill level 5 in Transmutations
  5061 | D:5      | Reached XP level 8. HP: 15/48 MP: 9/12
  5080 | D:4      | HP: 2/48 [poisoned by a worker ant]
  5088 | D:4      | HP: 1/48 [poisoned by a worker ant]
  5430 | D:5      | Found a shadowy altar of Dithmenos.
  5589 | D:5      | Found an ancient bone altar of Kikubaaqudgha.
  5732 | D:5      | Found Funy's Jewellery Shop.
  5745 | D:5      | Bought a cursed ring of teleportation for 67 gold pieces
  5745 | D:5      | Bought a cursed ring of attention for 67 gold pieces
  6457 | D:6      | Found a staircase to the Ecumenical Temple.
  6473 | D:6      | Reached XP level 9. HP: 53/53 MP: 13/13
  6590 | Temple   | Entered the Ecumenical Temple
  7398 | D:6      | Learned a level 5 spell: Blade Hands
  7508 | D:6      | Found a bloodstained altar of Trog.
  7645 | D:6      | Reached XP level 10. HP: 32/63 MP: 9/14
  8190 | D:7      | Identified a scroll of acquirement
  8191 | D:7      | Got a jewelled hat
  8197 | D:7      | Identified the +0 hat of Reason {rElec rPois rF- Regen+}
                  | (You acquired it on level 7 of the Dungeon)
  8381 | D:4      | Noticed Duvessa
  8396 | D:4      | Killed Duvessa
  8407 | D:4      | Killed Dowan
  8541 | D:7      | Noticed a gargoyle
  8562 | D:7      | Killed a gargoyle
  8562 | D:7      | Reached skill level 5 in Dodging
  8589 | D:6      | HP: 3/78 [killer bee (6)]
  8938 | D:7      | Noticed Joseph
  8960 | D:7      | Killed Joseph
  8960 | D:7      | Reached skill level 5 in Fighting
  9449 | D:8      | Found a staircase to the Lair.
  9616 | D:8      | Noticed Harold
 10438 | D:8      | Noticed Erica
 10441 | D:8      | Reached XP level 11. HP: 75/75 MP: 15/15
 10664 | Lair:1   | Entered Level 1 of the Lair of Beasts
 10819 | Lair:1   | Noticed an oklob plant
 12152 | Lair:2   | Noticed a death yak
 12161 | Lair:2   | Noticed a death yak
 12162 | Lair:2   | Noticed a death yak
 12162 | Lair:2   | Noticed a death yak
 12162 | Lair:2   | Noticed a death yak
 12187 | Lair:2   | Killed a death yak
 12204 | Lair:2   | Killed a death yak
 12211 | Lair:2   | Killed a death yak
 12505 | Lair:2   | Noticed Fannar
 12527 | Lair:2   | Killed Fannar
 12528 | Lair:2   | Noticed a four-headed hydra
 12549 | Lair:2   | Killed a four-headed hydra
 12798 | Lair:2   | Upgraded the game from bcrawl-1.18 to bcrawl-1.18.1
 12891 | Lair:2   | Killed a death yak
 12891 | Lair:2   | Reached skill level 10 in Dodging
 12891 | Lair:2   | Reached XP level 12. HP: 68/87 MP: 12/16
 12892 | Lair:2   | Killed a death yak
 12892 | Lair:2   | Reached skill level 10 in Fighting
 12903 | Lair:2   | Found a hole to the Spider Nest.
 12916 | Lair:2   | HP: 2/87 [jumping spider (6)]
 12916 | Lair:2   | Demolished by a jumping spider

Skill      XL: |  1  2  3  4  5  6  7  8  9 10 11 12 |
---------------+-------------------------------------+-----
Transmutations | 3 4 5 7 9 |  9.1
Spellcasting   | 3 |  3.0
Unarmed Combat | 4 5 6 7 9 |  9.1
Ice Magic      | 2 3 |  3.3
Fighting       | 3 7 9 10 | 10.1
Dodging        | 3 7 10 | 10.3

Action                   |  1- 3 |  4- 6 |  7- 9 | 10-12 || total
-------------------------+-------+-------+-------+-------++-------
Melee: Unarmed           |    53 |   111 |   173 |   294 ||   631
       Constrict         |    15 |    16 |     5 |    29 ||    65
       Tentacles         |    11 |     4 |     2 |    33 ||    50
       Kick              |     3 |       |       |       ||     3
       Punch             |       |     1 |     1 |     4 ||     6
 Cast: Sticks to Snakes  |     2 |     2 |     5 |     7 ||    16
       Beastly Appendage |     2 |       |       |       ||     2
       Spider Form       |       |     4 |     3 |     1 ||     8
       Ice Form          |       |     2 |     3 |     4 ||     9
       Blade Hands       |       |       |     2 |    17 ||    19
 Abil: End Transformatio |       |       |     1 |     2 ||     3
  Use: Scroll            |       |     8 |       |    11 ||    19
       Potion            |       |       |       |     3 ||     3
 Stab: Sleeping          |     4 |     7 |     1 |       ||    12
       Distracted        |       |       |       |     3 ||     3
  Eat: Chunk             |     2 |    10 |     8 |    16 ||    36
       Ration            |       |       |     1 |     2 ||     3
Armor: Skin              |     7 |     8 |    15 |    36 ||    66
Dodge: Dodged            |    21 |    69 |    98 |   188 ||   376
